 Dungeon Crawl Stone Soup version 0.32-a0-696-g5fa0bccb63 (webtiles) character file.

Game seed: 873666355446369479

1050 MacCMillion the Grappler (level 8, -6/68 HPs)
             Began as a Troll Shapeshifter on Mar 13, 2024.
             Was an Initiate of Okawaru.
             Mangled by a yak (11 damage)
             ... on level 5 of the Dungeon.
             The game lasted 00:07:03 (4430 turns).

MacCMillion the Grappler (Troll Shapeshifter)       Turns: 4430, Time: 00:07:04

Health: -6/68      AC:  4    Str: 25    XL:     8   Next: 5%
Magic:  7/7        EV:  8    Int:  6    God:    Okawaru [......]
Gold:   280        SH:  0    Dex:  9    Spells: 7/7 levels left

rFire   . .          .
                       - Unarmed
rCold   . . .        (no shield)
rNeg    . . .        a - +0 animal skin
rPois   +            (helmet currently unavailable)
rElec   .            (cloak currently unavailable)
rCorr   .            (gloves unavailable)
SInv    .            (boots unavailable)
Will    .....        (no amulet)
Stlth   +            w - ring of poison resistance
HPRegen 1.11/turn    (no ring)
MPRegen 0.10/turn

%: no passive effects
@: beast-form
A: beast (slay +1), large, unfitting armour, claws 3, regeneration 1, shaggy fur
1, tough skin 1
a: Begin Untransformation, Renounce Religion


You were on level 5 of the Dungeon.
You worshipped Okawaru.
Okawaru was noncommittal.
You were a hulking beast.
You visited 2 branches of the dungeon, and saw 7 of its levels.

You collected 280 gold pieces.

Inventory:

Missiles
 f - 3 poisoned darts (quivered)
 l - 8 boomerangs
Armour
 a - a +0 animal skin (worn)
 u - a scarf of invisibility
Jewellery
 w - a ring of poison resistance (left claw)
Talismans
 c - a beast talisman (active)
 d - a flux talisman
Wands
 t - a wand of flame (6)
 y - a wand of polymorph (7)
 z - a wand of charming (5)
Scrolls
 g - 2 scrolls of fear {unknown}
 h - 2 scrolls of fog {unknown}
 m - 3 scrolls of summoning {unknown}
 r - a scroll of torment {unknown}
 s - 2 scrolls of teleportation {unknown}
 v - 5 scrolls of identify {unknown}
 x - a scroll of noise {unknown}
 B - a scroll of blinking {unknown}
 C - a scroll of immolation {unknown}
Potions
 b - 3 potions of lignification
 e - a potion of invisibility {unknown}
 i - 3 potions of curing {unknown}
 j - a potion of enlightenment {unknown}
 k - a potion of degeneration {unknown}
 n - a potion of heal wounds {unknown}
 o - 3 potions of berserk rage {unknown}
 p - 2 potions of cancellation {unknown}
 q - a potion of brilliance {unknown}
 A - 3 potions of ambrosia {unknown}


   Skills:
 - Level 0.7 Fighting
 - Level 1.5 Dodging
 + Level 9.9 Unarmed Combat
 + Level 0.0 Invocations
 - Level 3.0 Shapeshifting


You had 7 spell levels left.
You didn't know any spells.
Your spell library contained the following spells:

 Spells                   Type           Power      Damage    Failure   Level
 Volatile Blastmotes      Fire/Tloc      0%         2d10      83%         3
 Fulminant Prism          Conj/Alch      0%         3d5       99%         4
 Iskenderun's Mystic Bla  Conj/Tloc      0%         2d3       99%         4


Dungeon Overview and Level Annotations

Branches:
Dungeon (6/15)             Temple (1/1) D:5

Altars:
Ashenzari
Cheibriados
Dithmenos
Elyvilon
Fedhas
Gozag
Kikubaaqudgha
Nemelex Xobeh
Okawaru
Ru
Sif Muna
Vehumet
Xom
Yredelemnul
The Shining One

Annotations:
D:5 3 runed translucent doors, whodunnit's ghost, amateur CoGl


Innate Abilities, Weirdness & Mutations

You are a hulking beast.
Your limbs bulge with bestial killing power. (Slay +1)
You are too large for most types of armour.
You have claws for hands.
Your natural rate of healing is unusually fast.
You are covered in fur. (AC +1)
You have tough skin. (AC +1)


Message History

There is an open door here.
There is a stone staircase leading down, spattered with blood here.
You climb downwards.
The orc hits you with a +0 short sword. x2
A yak comes into view. x2
The orc hits you with a +0 short sword.
An orc comes into view. It is wielding a +0 club.
There is a stone staircase leading up here.
The yak bellows! x2
You scratch the yak.
The yak is lightly wounded.
You scratch the yak.
The yak is moderately wounded.
A wight comes into view. It is wielding a +0 mace.
The orc hits you with a +0 short sword. The yak gores you!
The shadow imp hits you. The orc misses you. The yak gores you.
You climb upwards.
Level annotation: 3 runed translucent doors, whodunnit's ghost, amateur CoGl
There is a stone staircase leading down, spattered with blood here.
You scratch the yak but do no damage.
The yak is moderately wounded.
The shadow imp hits you. The orc hits you with a +0 short sword.
The yak barely misses you.
You claw the yak!
The yak is heavily wounded.
The shadow imp barely misses you. The orc barely misses you. The yak gores you.
You claw the yak!
The yak is severely wounded.
The shadow imp gestures at you. Pain shoots through your body!
The yak gores you!
* * * LOW HITPOINT WARNING * * *
The orc barely misses you.
You claw the orc!
You kill the orc!
Okawaru accepts your kill.
You scratch the yak but do no damage.
The yak is severely wounded.
The shadow imp hits you.
* * * LOW HITPOINT WARNING * * *
The yak gores you!
You die...

#).#..#.'...#...........##.####..
####[.#.##)###...................
...####..#)..#.................##
.........#...#.................'.
#'##..####.[.#..##...#.........#'
#..#..'..#...#..##...##...###....
#..####..#.).#..#....##.#.# #....
####..'..#####.).5......(.###....
#.....#÷##.....#hY..........'....
......).)......##############....
#####....######## #....
##..........# ###'## ##.........#
########..... #.........#
#.....##.....
#........##♣♣♣##....##...>.
#........#♣...♣#....##.....
#........#♣.>.♣#....#######


You could see a yak and a shadow imp.

Vanquished Creatures
  2 ice beasts
  An ogre (D:5)
  A phantom (D:5)
  A bullfrog (D:4)
  A scorpion (D:4)
  A hound (D:5)
  A bombardier beetle (D:4)
  An orc priest (D:5)
  Natasha (thrice) (D:2)
  2 iguanas (D:5)
  Robin (D:2)
  11 gnolls
  9 adders
  A white imp (D:5)
  2 ufetubi (D:5)
  2 dart slugs
  3 ribbon worms (D:2)
  8 orcs
  3 ball pythons
  9 endoplasms
  4 giant cockroaches
  24 goblins
  24 hobgoblins
  4 jackals
  6 quokkas
  6 bats
  2 frilled lizards (D:2)
  12 kobolds
  6 rats
151 creatures vanquished.

Notes
Turn   | Place    | Note
-------+----------+-------------------------------------------
     0 | D:1      | MacCMillion the Troll Shapeshifter began the quest for the
                  | Orb.
     0 | D:1      | Reached XP level 1. HP: 18/18 MP: 0/0
   153 | D:1      | Reached XP level 2. HP: 26/26 MP: 1/1
   338 | D:1      | Reached skill level 4 in Unarmed Combat
   619 | D:2      | Noticed Natasha
   623 | D:2      | Killed Natasha
   624 | D:2      | Reached XP level 3. HP: 27/32 MP: 2/2
   721 | D:2      | Reached skill level 5 in Unarmed Combat
   721 | D:2      | Reached XP level 4. HP: 40/40 MP: 3/3
   786 | D:2      | Noticed Natasha
   797 | D:2      | Killed Natasha
  1178 | D:2      | Noticed Robin
  1251 | D:2      | Killed Robin
  1252 | D:2      | Reached XP level 5. HP: 46/46 MP: 4/4
  1261 | D:2      | Noticed Natasha
  1281 | D:2      | Killed Natasha
  1282 | D:2      | Reached skill level 6 in Unarmed Combat
  1741 | D:3      | Found a shadowy altar of Dithmenos.
  1768 | D:3      | Found a radiant altar of Vehumet.
  2208 | D:4      | Noticed an ogre
  2314 | D:4      | Found a broken altar of Ashenzari.
  2325 | D:4      | Reached XP level 6. HP: 47/54 MP: 5/5
  2328 | D:4      | Reached skill level 7 in Unarmed Combat
  2497 | D:4      | Noticed an ice beast
  2508 | D:4      | Killed an ice beast
  2931 | D:4      | Reached skill level 8 in Unarmed Combat
  2931 | D:4      | Reached XP level 7. HP: 61/61 MP: 6/6
  2981 | D:5      | Entered Level 5 of the Dungeon
  3399 | D:5      | Reached skill level 9 in Unarmed Combat
  3615 | D:5      | Found a sacrificial altar of Ru.
  3877 | D:5      | Reached XP level 8. HP: 68/68 MP: 7/7
  4111 | D:5      | Found a staircase to the Ecumenical Temple.
  4147 | D:5      | Found a runed translucent gate.
  4147 | D:5      | Found a runed translucent gate.
  4167 | D:5      | Found a runed translucent gate.
  4167 | D:5      | Found an opulent altar of Gozag.
  4167 | D:5      | Noticed whodunnit's ghost (amateur CoGl)
  4241 | D:5      | Noticed a two-headed ogre
  4335 | Temple   | Entered the Ecumenical Temple
  4347 | Temple   | Became a worshipper of Warmaster Okawaru
  4430 | D:5      | Mangled by a yak

Illustrated notes

Levels and vault maps discovered:
D:1:      nzn_arrival_crosshair, layout_loops_ring, minmay_split_cup_large
D:2:      layout_basic, uniq_natasha, uniq_robin
D:3:      layout_basic, nicolae_dithmenos_through_a_glass_darkly,
          vehumet_altar_wand_db, minmay_box_of_dots
D:4:      layout_loops_ring, minmay_statues_item, grunt_ministairs_12,
          minmay_ruined_shrine
D:5:      corexii_shantytown, layout_basic, nicolae_ru_awakened_eye,
          minmay_temple_entry_enclosed_plants, ebering_ghost_gozag
D:6:      layout_loops_ring, lemuel_coloured_pillars_altar
Temple:   eino_wide_crystal_templ

Skill      XL: |  1  2  3  4  5  6  7 |
---------------+----------------------+-----
Unarmed Combat | 4 5 6 8 9 |  9.9
Fighting       | |  0.7
Dodging        | |  1.5
Shapeshifting  | |  3.0

Action                     |  1- 3 |  4- 6 |  7- 9 || total
---------------------------+-------+-------+-------++-------
  Melee: Unarmed           |    40 |   175 |   126 ||   341
         Punch             |     1 |     4 |     5 ||    10
  Evoke: Wand              |       |     3 |     1 ||     4
   Stab: Sleeping          |     1 |     1 |       ||     2
 Armour: Animal skin       |    23 |   108 |    81 ||   212
  Dodge: Dodged            |    17 |    71 |    38 ||   126

Table legend: (Time is in decaauts)
 A = Elapsed time spent in this place.
 B = Non-inter-level travel time spent in this place.
 C = Inter-level travel time spent in this place.
 D = Time resting spent in this place.
 E = Time spent auto-exploring this place.
 F = Levels seen in this place.
 G = Mean time per level.
                   A        B        C        D        E       F      G
               +--------+--------+--------+--------+--------+-----+--------+
         Total |   4388 |   4219 |    169 |    263 |   2865 |   7 |  626.9 |
       Dungeon |   4365 |   4196 |    169 |    263 |   2865 |   6 |  727.5 |
        Temple |     23 |     23 |      0 |      0 |      0 |   1 |   23.0 |
               +--------+--------+--------+--------+--------+-----+--------+

Top non-repeatable levels by time:
     D:5: 1391 daAuts
     D:2: 859 daAuts
     D:4: 778 daAuts
     D:3: 724 daAuts
     D:1: 595 daAuts
  Temple: 23 daAuts
     D:6: 15 daAuts
